AoeStats
← Challwaq

Nomad

509751261Analyzed
3v3 RM · 4d ago on Sep 27, 2026· 48m 3s· 6 players
Game mode
Random Map
Map size
210×210
Population
200
Speed
Normal
Resources
Standard
Victory
Conquest
Starting age
Dark Age
Ending age
Imperial Age
RankedLock teamsTeams togetherTeam positionsShared explorationLock speedFull tech treeHidden civsTurbo modeCheats
Victory
Defeat
🇦🇷 Vikings · Argentina
1088
+17
🇦🇷 Italians · Argentina
1087
+17
🇦🇷 Japanese · Argentina
1025
+19
🇧🇷 Saxons · Brazil
1125
-19
🇧🇷 Vietnamese · Brazil
1095
-17
🇧🇷 Vikings · Brazil
1092
-17
EZEKIEL_2517
11:00 Loom
12:46 Feudal Age
13:39 Double-Bit Axe
13:44 Fishing Lines
16:26 Fletching
26:01 Castle Age
27:25 Bow Saw
26:37 Crossbowman
27:23 Thumb Ring
27:14 Bodkin Arrow
27:20 Padded Archer Armor
31:28 Leather Archer Armor
31:39 Ballistics
35:08 Imperial Age
32:50 Gillnets
34:37 Wheelbarrow
37:00 Two-Man Saw
36:07 Bracer
38:09 Capped Ram
42:04 Hand Cart
42:30 Masonry
43:48 Conscription
44:43 Horse Collar
46:01 Bloodlines
45:51 Husbandry
Moralelastic
6:23 Loom
13:51 Feudal Age
14:39 Double-Bit Axe
17:08 Gold Mining
19:05 Town Watch
19:24 Fletching
23:41 Castle Age
22:34 Padded Archer Armor
22:33 Fishing Lines
23:26 Horse Collar
23:45 Crossbowman
24:41 Bodkin Arrow
25:15 Gillnets
31:45 Gold Shaft Mining
32:05 Leather Archer Armor
34:54 Ballistics
37:48 Imperial Age
38:32 Bracer
37:53 Arbalester
38:00 Capped Ram
38:43 Stone Mining
41:13 Ring Archer Armor
43:28 Elite Longship
47:18 Chemistry
Challwaq
4:47 Loom
12:48 Feudal Age
13:06 Man-at-Arms
20:26 Scale Mail Armor
20:37 Forging
29:10 Castle Age
28:12 Double-Bit Axe
35:50 Imperial Age
36:05 Fletching
37:55 Pikeman
38:36 Squires
38:21 Arson
41:02 Gold Mining
43:10 Bodkin Arrow
44:44 Medium Warships
43:54 Demolition Ship
The final stand
9:45 Loom
14:47 Feudal Age
21:27 Castle Age
21:21 Fletching
25:55 Stone Mining
26:00 Double-Bit Axe
Papa Alemão
4:53 Loom
13:28 Feudal Age
17:10 Castle Age
15:06 Double-Bit Axe
20:01 Stone Mining
21:10 Padded Archer Armor
22:17 Leather Archer Armor
23:30 Fletching
27:06 Bodkin Arrow
31:04 Elite Skirmisher
35:48 Medium Warships
37:22 Chieftains
40:43 Gold Mining
41:17 Ballistics
43:51 Imperial Age
42:34 Forging
42:25 Scale Mail Armor
Pelegati
4:49 Loom
15:02 Feudal Age
15:45 Double-Bit Axe
17:33 Fishing Lines
19:25 Town Watch
20:57 Scale Barding Armor
21:02 Forging
22:20 Bloodlines
24:13 Castle Age
25:19 Gillnets
25:36 Stone Mining
25:38 Gold Mining
30:49 Chain Barding Armor
31:04 Iron Casting
31:46 Horse Collar
32:24 Bow Saw
33:36 Husbandry
36:53 Wheelbarrow
39:43 Elite Skirmisher
Connection lost

Rejoining the realm…

Still unreachable

The connection could not be restored.

Session expired

The server has moved on; the page needs a fresh start.